 Dungeon Crawl Stone Soup version 0.23-a0-359-g9beedce (console) character file.

1537 bli the Insei (level 8, -5/54 HPs)
             Began as an Octopode Transmuter on Oct 23, 2018.
             Was a Believer of Uskayaw.
             Slain by a centaur (7 damage)
             ... on level 6 of the Dungeon.
             The game lasted 00:23:45 (6344 turns).

bli the Insei (Octopode Transmuter)                 Turns: 6344, Time: 00:23:46

Health: -5/54      AC:  1    Str: 10    XL:     8   Next: 86%
Magic:  9/12       EV: 15    Int: 16    God:    Uskayaw [**....]
Gold:   288        SH:  0    Dex: 16    Spells: 4/13 levels left

rFire    . . .     SeeInvis .     - Unarmed
rCold    . . .     Gourm    .   (no shield)
rNeg     . . .     Faith    .   (helmet restricted)
rPois    .         Spirit   .   y - amulet of magic regeneration
rElec    .         Reflect  .   B - +3 ring of dexterity
rCorr    .         Harm     .   (no ring)
MR       .....                  (no ring)
Stlth    +++.......             (no ring)
HPRegen  0.18/turn              (no ring)
MPRegen  0.38/turn              (no ring)
                                (no ring)
                                (no ring)

@: appendage (expiring)
A: almost no armour, stealthy swim, amphibious, 8 rings, constrict 8, tentacle
spike 3, camouflage 1, gelatinous body 1
a: End Transformation, Stomp, Line Pass, Renounce Religion


You were on level 6 of the Dungeon.
You worshipped Uskayaw.
Uskayaw was noncommittal.
You were not hungry.
One of your tentacles had a temporary spike.
You visited 1 branch of the dungeon, and saw 6 of its levels.

You collected 288 gold pieces.

Inventory:

Hand Weapons
 b - a +4 hunting sling of velocity
 n - a +1 whip of electrocution
 r - a +2 quarterstaff of draining
 G - a +1 hand axe of draining
Missiles
 a - 89 arrows
 g - 210 stones (quivered)
 k - 68 sling bullets
 H - 4 tomahawks
Armour
 C - a +1 shield of protection
Magical Staves
 I - an uncursed staff of cold {unknown}
Jewellery
 y - an amulet of magic regeneration (around mantle)
 B - a +3 ring of dexterity (left tentacle)
Scrolls
 d - 2 scrolls of enchant weapon {unknown}
 e - 5 scrolls of magic mapping {unknown}
 h - 4 scrolls of identify {unknown}
 i - 4 scrolls of teleportation {unknown}
 l - a scroll of enchant armour {unknown}
 q - 2 scrolls of fog {unknown}
 t - 2 scrolls of remove curse {unknown}
 u - a scroll of noise {unknown}
 D - 2 scrolls of immolation {unknown}
 F - a scroll of amnesia {unknown}
Potions
 f - 2 potions of degeneration {unknown}
 j - 2 potions of brilliance {unknown}
 m - 2 potions of haste
 o - 2 potions of curing {unknown}
 p - a potion of heal wounds
 s - 4 potions of ambrosia {unknown}
 v - a potion of invisibility {unknown}
 w - 2 potions of flight {unknown}
 x - 2 potions of lignification {unknown}
 z - a potion of agility {unknown}
 A - a potion of magic {unknown}
 E - a potion of mutation {unknown}
Comestibles
 c - 11 rations


   Skills:
 + Level 3.9 Fighting
 + Level 4.7 Slings
 + Level 3.3 Dodging
 - Level 2.0 Stealth
 + Level 7.7 Unarmed Combat
 + Level 3.0 Spellcasting
 + Level 3.1 Transmutations
 + Level 1.1 Poison Magic


You had 4 spell levels left.
You knew the following spells:

 Your Spells              Type           Power        Failure   Level  Hunger
a - Beastly Appendage     Tmut           ##....       5%          1    #......
b - Blade Hands           Tmut           ##........   82%         5    ######.
s - Spider Form           Tmut/Pois      #.........   24%         3    ###....

Your spell library contained the following spells:

 Spells                   Type           Power        Failure   Level  Hunger
 Sticks to Snakes         Tmut           ##......     8%          2    ##.....
 Magic Dart               Conj           #...         19%         1    #......
 Searing Ray              Conj           #.....       28%         2    ##.....
 Dazzling Spray           Conj/Hex       #.....       50%         3    ###....
 Ice Form                 Ice/Tmut       #.......     69%         4    #####..
 Force Lance              Conj/Tloc      #.......     88%         4    #####..
 Fulminant Prism          Conj/Hex       #.........   88%         4    #####..
 Iskenderun's Mystic Bla  Conj           #.......     88%         4    #####..


Dungeon Overview and Level Annotations

Branches:
Dungeon (6/15)             Temple (0/1) D:6

Altars:
Elyvilon
Gozag
Okawaru
Ru
Trog
Uskayaw
Zin

Annotations:
D:3 3 runed doors, eyesofgods1's ghost, amateur FoGl


Innate Abilities, Weirdness & Mutations

You cannot wear most types of armour.
You are very stealthy in the water. (Stealth+)
You are amphibious.
You can wear up to eight rings at the same time.
You can use your tentacles to constrict eight enemies at once.
Your skin changes colour to match your surroundings (Stealth+).
Your rubbery body absorbs attacks. (AC +1, EV +1)
One of your tentacles bears a large vicious spike.


Message History

You pierce the crimson imp.
You squeeze the crimson imp.
You kill the crimson imp!
The centaur shoots an arrow.
The arrow closely misses you.
The centaur shoots Uskayaw will force your foes to helplessly watch your dance.
Uskayaw prepares the audience for your solo!
The centaur is no longer paralysed.
The centaur unwields a +0 shortbow.
The You tentacle-slap the centaur.
The centaur is lightly wounded.
The centaur hits you!
* * * LOW HITPOINT WARNING * * *
You barely miss the centaur. You squeeze the centaur!
The centaur is moderately wounded.
The centaur hits you.
* * * LOW HITPOINT WARNING * * *
You stomp with the beat, sending a shockwave through the revelers around you!
The centaur is heavily wounded.
You feel somewhat more hungry. The centaur hits you!
* * * LOW HITPOINT WARNING * * *
The centaur hits you!
You die...

.................#
..##############.#
########## #.#
.........# ##.##♣♣
############
#.(...# ##
≈≈≈≈≈≈≈≈≈≈≈#
#.(...# ..
≈≈≈≈≈≈≈≈≈≈≈#
#.(...# ##
≈≈≈≈≈≈≈≈≈≈≈#
##.####
≈≈≈#####≈≈≈# #(#
####...#≈≈≈# #(#
.....>.#≈≈≈#
###@###
####...#≈≈≈#
#..c..#
≈≈≈#####≈≈≈#
#......(...
≈≈≈≈≈≈≈≈≈≈≈#
#.....#####
≈≈≈≈≈≈≈≈≈≈≈#
#.....#
≈≈≈≈≈≈≈≈≈≈≈#
#......
############
#......# ######
#......# .....#
#......# .....#
.....#


You could see a centaur.

Vanquished Creatures
  A hippogriff (D:5)
  2 water moccasins
  A centaur (D:5)
  An ogre (D:5)
  4 scorpions
  A bullfrog zombie (D:6)
  5 crimson imps
  A hound (D:5)
  An orc priest (D:3)
  2 jellies
  2 orc wizards
  Jessica (D:3)
  An iguana (D:4)
  2 worker ants
  A hound zombie (D:6)
  2 hound skeletons (D:4)
  A howler monkey skeleton (D:6)
  9 adders
  A shadow imp (D:6)
  3 oozes
  An adder zombie (D:4)
  2 adder skeletons
  3 worms
  4 dart slugs (D:3)
  3 leopard geckos (D:3)
  18 orcs
  A ball python (D:3)
  11 giant cockroaches
  8 goblins
  11 hobgoblins
  4 jackals (D:4)
  7 kobolds
  4 quokkas
  7 bats
  5 frilled lizards
  A jackal skeleton (D:4)
  A leopard gecko zombie (D:5)
  A quokka skeleton (D:6)
  11 rats
145 creatures vanquished.

Notes
Turn   | Place    | Note
-------+----------+-------------------------------------------
     0 | D:1      | bli the Octopode Transmuter began the quest for the Orb.
     0 | D:1      | Reached XP level 1. HP: 13/13 MP: 3/3
   283 | D:1      | Reached XP level 2. HP: 12/18 MP: 3/5
  1294 | D:2      | Reached XP level 3. HP: 23/23 MP: 6/6
  1398 | D:2      | Found a hide-covered altar of Uskayaw.
  1398 | D:2      | Found an iron altar of Okawaru.
  1481 | D:2      | Reached skill level 4 in Unarmed Combat
  1875 | D:2      | Reached XP level 4. HP: 26/28 MP: 7/7
  2285 | D:2      | Learned a level 3 spell: Spider Form
  2327 | D:3      | Reached skill level 5 in Unarmed Combat
  2327 | D:3      | Reached XP level 5. HP: 17/34 MP: 8/8
  2983 | D:3      | Found a runed gate.
  2983 | D:3      | Found a runed gate.
  2984 | D:3      | Found a runed gate.
  2986 | D:3      | Noticed eyesofgods1's ghost (amateur FoGl)
  3075 | D:3      | Noticed Jessica
  3085 | D:3      | Killed Jessica
  3085 | D:3      | Reached XP level 6. HP: 25/39 MP: 7/9
  3333 | D:2      | Became a worshipper of Uskayaw the Reveler
  3388 | D:4      | Reached skill level 6 in Unarmed Combat
  3388 | D:4      | Reached * piety under Uskayaw
  3404 | D:4      | Reached ** piety under Uskayaw
  3739 | D:4      | Found a bloodstained altar of Trog.
  3825 | D:4      | Reached skill level 1 in Slings
  4032 | D:4      | Reached XP level 7. HP: 39/45 MP: 10/10
  4279 | D:5      | Entered Level 5 of the Dungeon
  4325 | D:5      | Noticed a hippogriff
  4687 | D:5      | Found a glowing silver altar of Zin.
  4688 | D:5      | Found an opulent altar of Gozag.
  4768 | D:5      | Reached skill level 7 in Unarmed Combat
  5094 | D:5      | Reached skill level 1 in Stealth
  5385 | D:5      | Reached XP level 8. HP: 52/52 MP: 11/11
  5489 | D:5      | Found a sacrificial altar of Ru.
  5585 | D:5      | Reached *** piety under Uskayaw
  5586 | D:5      | Killed a hippogriff
  5588 | D:5      | Reached **** piety under Uskayaw
  5656 | D:6      | Found a white marble altar of Elyvilon.
  6021 | D:6      | Reached skill level 1 in Poison Magic
  6028 | D:6      | Learned a level 5 spell: Blade Hands
  6195 | D:6      | Found a staircase to the Ecumenical Temple.
  6344 | D:6      | HP: 2/54 [centaur (9)]
  6344 | D:6      | Slain by a centaur

Vault maps used:
D:1:      sevenhm_arrival_forest_fort_large_3, minmay_tetromino_s4
D:2:      nicolae_overflow_hidden_temple, serial_rivers,
          chequers_serial_rivers_room_a, chequers_serial_rivers_small_a,
          chequers_serial_rivers_marsh, chequers_serial_rivers_micro_d
D:3:      ebering_ghost_rock_garden, minmay_joined_circles, uniq_jessica
D:4:      trog_book
D:5:      kennysheep_big_flooded_room, nicolae_ru_awakened_eye,
          grunt_temple_overflow_gold_and_silver, first_ration,
          hangedman_decor_slide_cut
D:6:      fedhas_altar_fruit_tree, nicolae_overflow_crystal_walls,
          minmay_temple_entry_poolview, uniq_pikel

Skill      XL: |  1  2  3  4  5  6  7  8 |
---------------+-------------------------+-----
Unarmed Combat | 4 5 6 7 |  7.7
Fighting       | 2 3 |  3.9
Slings         | 1 2 4 |  4.7
Dodging        | 3 |  3.3
Stealth        | 1 2 |  2.0
Poison Magic   | 1 |  1.1
Transmutations | 3 |  3.1
Spellcasting   | 3 |  3.0

Action                   |  1- 3 |  4- 6 |  7- 9 || total
-------------------------+-------+-------+-------++-------
Melee: Unarmed           |    83 |   154 |    71 ||   308
       Constrict         |    25 |    38 |    16 ||    79
       Kick              |     6 |    20 |    11 ||    37
       Tentacles         |    13 |    22 |    20 ||    55
       Punch             |     2 |     6 |     6 ||    14
 Fire: Hunting sling     |       |    20 |    66 ||    86
Throw: Stone             |     2 |     5 |     8 ||    15
 Cast: Beastly Appendage |    11 |    13 |    13 ||    37
       Spider Form       |       |       |     1 ||     1
Invok: Stomp             |       |       |     1 ||     1
  Use: Potion            |     2 |       |       ||     2
 Stab: Sleeping          |     9 |     4 |     3 ||    16
       Paralysed         |       |       |     2 ||     2
  Eat: Chunk             |     3 |     7 |     6 ||    16
       Ration            |       |       |     1 ||     1
Armor: Skin              |     8 |     2 |     8 ||    18
Dodge: Dodged            |    43 |    75 |    53 ||   171

Table legend:
 A = Non-vault XP
 B = Vault XP
 C = Vault XP percentage of total XP
 D = Non-vault monster count
 E = Vault monster count
 F = Vault count percentage of total count
                 A         B        C        D         E       F
            +---------+---------+-------+---------+---------+-------
      Total |    1817 |     380 |  17.3 |     125 |      20 |  13.8
            +---------+---------+-------+---------+---------+-------
        D:1 |      25 |       2 |   7.4 |      15 |       1 |   6.2
        D:2 |      83 |       0 |   0.0 |      24 |       0 |   0.0
        D:3 |     139 |      75 |  35.0 |      32 |      17 |  34.7
        D:4 |     399 |       0 |   0.0 |      25 |       0 |   0.0
        D:5 |     554 |     303 |  35.4 |      14 |       2 |  12.5
        D:6 |     617 |       0 |   0.0 |      15 |       0 |   0.0
            +---------+---------+-------+---------+---------+-------
